 Dungeon Crawl Stone Soup version 0.27-a0-1149-g4505690ab0 (webtiles) character file.

Game seed: 16503901609398487244

511 Bapho the Gusty (level 7, 0/51 HPs)
             Began as a Gnoll Air Elementalist on May 13, 2021.
             Was a Follower of Cheibriados.
             Slain by a sky beast (5 damage)
             ... on level 5 of the Dungeon.
             The game lasted 00:08:04 (4125 turns).

Bapho the Gusty (Gnoll Air Elementalist)            Turns: 4125, Time: 00:08:05

Health: 0/51       AC:  2    Str:  9    XL:     7   Next: 19%
Magic:  3/15       EV: 14    Int: 18    God:    Cheibriados [*.....]
Gold:   95         SH:  0    Dex: 15    Spells: 9/17 levels left

rFire    . . .     SeeInvis .   j - +3 hand axe
rCold    . . .     Faith    .   (no shield)
rNeg     . . .     Spirit   .   a - +0 robe
rPois    .         Reflect  .   (no helmet)
rElec    .         Harm     .   (no cloak)
rCorr    .         Rampage  .   (no gloves)
Will     .....                  (no boots)
Stlth    +++.......             d - amulet of the acrobat
HPRegen  0.17/turn              (no ring)
MPRegen  0.14/turn              (no ring)

@: very slow
A: fangs 1, strong nose, distributed training
a: Renounce Religion, Bend Time


You were on level 5 of the Dungeon.
You worshipped Cheibriados.
Cheibriados was aware of your devotion.
You visited 2 branches of the dungeon, and saw 6 of its levels.

You collected 95 gold pieces.

Inventory:

Hand Weapons
 e - a +1 short sword
 j - a +3 hand axe (weapon)
Armour
 a - a +0 robe (worn)
 c - a +1 ring mail of fire resistance
Jewellery
 d - an amulet of the acrobat (around neck)
 g - a ring of fire
Wands
 b - a wand of mindburst (10)
Scrolls
 f - a scroll of fear
 h - a scroll of identify
 i - a scroll of torment
Potions
 k - 2 potions of flight


   Skills:
 + Level 2.3 Fighting
 + Level 2.3 Short Blades
 + Level 2.3 Long Blades
 + Level 2.3 Axes
 + Level 2.3 Maces & Flails
 + Level 2.3 Polearms
 + Level 2.3 Staves
 + Level 2.3 Slings
 + Level 2.3 Bows
 + Level 2.3 Crossbows
 + Level 2.3 Throwing
 + Level 2.3 Armour
 + Level 5.1 Dodging
 + Level 4.8 Stealth
 + Level 2.3 Shields
 + Level 2.3 Unarmed Combat
 + Level 5.5 Spellcasting
 + Level 2.9 Conjurations
 + Level 1.9 Hexes
 + Level 1.9 Summonings
 + Level 1.9 Necromancy
 + Level 1.9 Translocations
 + Level 1.9 Transmutations
 + Level 1.9 Fire Magic
 + Level 1.9 Ice Magic
 + Level 5.8 Air Magic
 + Level 1.9 Earth Magic
 + Level 1.9 Poison Magic
 + Level 2.5 Invocations
 + Level 2.3 Evocations


You had 9 spell levels left.
You knew the following spells:

 Your Spells              Type           Power      Damage    Failure   Level
a - Shock                 Conj/Air       80%        1d8       2%          1
b - Swiftness             Air            25%        N/A       3%          3
c - Airstrike             Air            12%        N/A       12%         4

Your spell library contained the following spells:

 Spells                   Type           Power      Damage    Failure   Level
 Magic Dart               Conj           60%        1d6       3%          1
 Static Discharge         Conj/Air       20%        N/A       3%          2
 Beastly Appendage        Tmut           22%        N/A       6%          1
 Searing Ray              Conj           30%        3d4       6%          2
 Wereblood                Tmut           11%        N/A       9%          2
 Dazzling Flash           Conj/Hex       26%        N/A       14%         3
 Spider Form              Tmut/Pois      5%         N/A       17%         3
 Fulminant Prism          Conj/Hex       6%         3d7       43%         4
 Iskenderun's Mystic Bla  Conj/Tloc      13%        2d5       43%         4
 Ice Form                 Ice/Tmut       11%        N/A       50%         4
 Lightning Bolt           Conj/Air       10%        1d23      52%         5
 Hydra Form               Tmut           5%         N/A       85%         5


Dungeon Overview and Level Annotations

Branches:
Dungeon (5/15)             Temple (1/1) D:4

Altars:
Cheibriados
Fedhas
Vehumet
Xom
The Shining One


Innate Abilities, Weirdness & Mutations

You have very sharp teeth.
Your uncanny sense of smell can sniff out nearby items.
Your experience applies equally to all skills.


Message History

Press: ? - help, Dir - move target, f - sky beast
Aim: a sky beast The air twists around and strikes the sky beast!
The sky beast is moderately wounded.
The sky beast hits you. The sky beast shocks you.
Casting: Airstrike (quite dangerous; 12% risk of failure)
Confirm with . or Enter, or press ? or * to list all spells.
The spell is quite dangerous to cast (12% risk of failure)!
Continue anyway?
Aiming: Airstrike (quite dangerous; 12% risk of failure)
Press: ? - help, Dir - move target, f/p - sky beast
Aim: a sky beast (moderately wounded)
The air twists around and strikes the sky beast!
The sky beast is severely wounded.
The sky beast hits you. The sky beast shocks you.
Casting: Airstrike (quite dangerous; 12% risk of failure)
Confirm with . or Enter, or press ? or * to list all spells.
You don't have enough magic to cast this spell.
A sky beast is nearby!
Unknown command.
Casting: Airstrike (quite dangerous; 12% risk of failure)
Confirm with . or Enter, or press ? or * to list all spells.
You don't have enough magic to cast this spell.
Casting: Airstrike (quite dangerous; 12% risk of failure)
Confirm with . or Enter, or press ? or * to list all spells.
You can't see any susceptible monsters within range! (Use Z to cast anyway.) Unknown command.
You miss the sky beast.
The sky beast is severely wounded.
The sky beast flickers out of sight!
Deactivating autopickup; reactivate with Ctrl-A.
Something hits you but does no damage. Something hits you.
Something shocks you.
You hit something. Something hits you. Something shocks you.
You miss something. You bite something. Something hits you.
Something shocks you.
* * * LOW HITPOINT WARNING * * *
You completely miss something. Something hits you.
* * * LOW HITPOINT WARNING * * *
Something shocks you.
You die...

##.###### .......
#.......#
.......##...###.#
.......#....###<#
.......#.<...##.#
.......##.##.##.#
....... #.##.##.#
.......##.......#
#@.....####
#{####.#
......†....#.#
..).....##.#.#
.#.#..... ..#
#....... ..#
......### ##
....... .......


There were no monsters in sight!

Vanquished Creatures
  Eustachio (D:4)
  A necrophage (D:4)
  A bullfrog zombie (D:4)
  2 iguanas
  Natasha (thrice) (D:4)
  A hound skeleton (D:4)
  2 adders
  An ufetubus (D:4)
  2 worms
  4 dart slugs
  An orc (D:4)
  4 bats
  12 endoplasms
  4 giant cockroaches
  5 goblins
  9 hobgoblins
  4 jackals (D:4)
  3 quokkas
  9 ball pythons
  2 frilled lizards (D:1)
  6 kobolds
  8 rats
85 creatures vanquished.

Notes
Turn   | Place    | Note
-------+----------+-------------------------------------------
     0 | D:1      | Bapho the Gnoll Air Elementalist began the quest for the
                  | Orb.
     0 | D:1      | Reached XP level 1. HP: 13/13 MP: 6/6
   104 | D:1      | Reached XP level 2. HP: 19/19 MP: 2/7
   435 | D:1      | Reached XP level 3. HP: 25/25 MP: 7/9
   483 | D:1      | Reached skill level 5 in Spellcasting
   711 | D:1      | Reached skill level 1 in Invocations
   868 | D:1      | Learned a level 3 spell: Swiftness
  1081 | D:2      | Reached skill level 1 in Fighting
  1081 | D:2      | Reached skill level 1 in Short Blades
  1081 | D:2      | Reached skill level 1 in Long Blades
  1081 | D:2      | Reached skill level 1 in Axes
  1081 | D:2      | Reached skill level 1 in Maces & Flails
  1081 | D:2      | Reached skill level 1 in Polearms
  1081 | D:2      | Reached skill level 1 in Staves
  1081 | D:2      | Reached skill level 1 in Slings
  1081 | D:2      | Reached skill level 1 in Bows
  1081 | D:2      | Reached skill level 1 in Crossbows
  1081 | D:2      | Reached skill level 1 in Throwing
  1081 | D:2      | Reached skill level 1 in Armour
  1081 | D:2      | Reached skill level 1 in Shields
  1081 | D:2      | Reached skill level 1 in Unarmed Combat
  1081 | D:2      | Reached skill level 1 in Evocations
  1305 | D:2      | Reached XP level 4. HP: 32/32 MP: 4/11
  1425 | D:2      | Learned a level 4 spell: Airstrike
  1532 | D:2      | Reached skill level 1 in Hexes
  1532 | D:2      | Reached skill level 1 in Summonings
  1532 | D:2      | Reached skill level 1 in Necromancy
  1532 | D:2      | Reached skill level 1 in Translocations
  1532 | D:2      | Reached skill level 1 in Transmutations
  1532 | D:2      | Reached skill level 1 in Fire Magic
  1532 | D:2      | Reached skill level 1 in Ice Magic
  1532 | D:2      | Reached skill level 1 in Earth Magic
  1532 | D:2      | Reached skill level 1 in Poison Magic
  2144 | D:3      | Found a blossoming altar of Fedhas.
  2603 | D:3      | Found a faded altar of an unknown god.
  2703 | D:4      | Noticed a necrophage
  2720 | D:4      | Killed a necrophage
  2721 | D:4      | Reached XP level 5. HP: 34/37 MP: 1/12
  2944 | D:4      | Found a staircase to the Ecumenical Temple.
  2958 | Temple   | Entered the Ecumenical Temple
  2976 | Temple   | Became a worshipper of Cheibriados the Contemplative
  3017 | D:4      | Reached XP level 6. HP: 12/44 MP: 2/13
  3327 | D:4      | Noticed Eustachio
  3380 | D:4      | Killed Eustachio
  3381 | D:4      | Reached skill level 5 in Dodging
  3763 | D:4      | Noticed Natasha
  3771 | D:4      | Killed Natasha
  3882 | D:4      | Reached XP level 7. HP: 49/50 MP: 5/15
  3961 | D:4      | Noticed Natasha
  3966 | D:4      | Killed Natasha
  4003 | D:4      | Noticed Natasha
  4011 | D:4      | Killed Natasha
  4088 | D:5      | Entered Level 5 of the Dungeon
  4118 | D:5      | Reached * piety under Cheibriados
  4125 | D:5      | Slain by a sky beast

Illustrated notes

Levels and vault maps discovered:
D:1:      scummos_arrival_forest, layout_rooms
D:2:      layout_loops_ring
D:3:      layout_loops_ring, overflow_temple_1_default,
          chequers_ecumenical_altar_simple
D:4:      layout_rooms, minmay_temple_entry_glassed_door, serial_bayou_pond_e,
          uniq_eustachio, uniq_natasha
D:5:      layout_loops_cross, kennysheep_small_circle
Temple:   regret_index_temple_mists

Skill      XL: |  1  2  3  4  5  6 |
---------------+-------------------+-----
Conjurations   | 2 |  2.9
Spellcasting   | 5 |  5.5
Invocations    | 1 2 |  2.5
Fighting       | 1 2 |  2.3
Short Blades   | 1 2 |  2.3
Long Blades    | 1 2 |  2.3
Axes           | 1 2 |  2.3
Maces & Flails | 1 2 |  2.3
Polearms       | 1 2 |  2.3
Staves         | 1 2 |  2.3
Slings         | 1 2 |  2.3
Bows           | 1 2 |  2.3
Crossbows      | 1 2 |  2.3
Throwing       | 1 2 |  2.3
Armour         | 1 2 |  2.3
Shields        | 1 2 |  2.3
Unarmed Combat | 1 2 |  2.3
Evocations     | 1 2 |  2.3
Hexes          | 1 |  1.9
Summonings     | 1 |  1.9
Necromancy     | 1 |  1.9
Translocations | 1 |  1.9
Transmutations | 1 |  1.9
Fire Magic     | 1 |  1.9
Ice Magic      | 1 |  1.9
Earth Magic    | 1 |  1.9
Poison Magic   | 1 |  1.9
Dodging        | 5 |  5.1
Stealth        | |  4.8
Air Magic      | |  5.8

Action                   |  1- 3 |  4- 6 |  7- 9 || total
-------------------------+-------+-------+-------++-------
Melee: Short sword       |       |     3 |       ||     3
       Hand axe          |       |    37 |     4 ||    41
       Bite              |       |     2 |     1 ||     3
       Punch             |       |     1 |       ||     1
 Cast: Shock             |    82 |   113 |    16 ||   211
       Airstrike         |       |       |     2 ||     2
  Use: Scroll            |     3 |       |     3 ||     6
       Potion            |       |     1 |       ||     1
Armor: Ring mail         |       |    24 |       ||    24
       Robe              |       |       |     1 ||     1
Dodge: Dodged            |     3 |    57 |     2 ||    62

Table legend: (Time is in decaauts)
 A = Elapsed time spent in this place.
 B = Non-inter-level travel time spent in this place.
 C = Inter-level travel time spent in this place.
 D = Time resting spent in this place.
 E = Time spent auto-exploring this place.
 F = Levels seen in this place.
 G = Mean time per level.
                   A        B        C        D        E       F      G
               +--------+--------+--------+--------+--------+-----+--------+
         Total |   4240 |   4128 |    112 |      0 |   3637 |   6 |  706.7 |
       Dungeon |   4203 |   4106 |     97 |      0 |   3625 |   5 |  840.6 |
        Temple |     37 |     23 |     14 |      0 |     12 |   1 |   37.0 |
               +--------+--------+--------+--------+--------+-----+--------+

Top non-repeatable levels by time:
     D:4: 1504 daAuts
     D:2: 1061 daAuts
     D:1: 970 daAuts
     D:3: 621 daAuts
     D:5: 45 daAuts
  Temple: 37 daAuts
